Map: Forteresse de fer EC

Players

AgCl

  • Race: Protoss Protoss
  • League: Grandmaster

ComeDeep - Winner!

  • Race: Zerg Zerg
  • League: Grandmaster

VOD

Have the link to the VOD?

Description

Time

  • Played on: June 10, 2015, 5:52 p.m.
  • Length: 7:56
Show
View Real Time Build Order
Export as new Build Order

AgCl Protoss 

Build Orders: Oracle Opening, Carrier Rush 

Get SALT Encoding   

  12  0:24  Pylon  
  12  0:26  Probe  
  13  0:42  Gateway  
  13  0:43  Probe  
  13  0:48  Assimilator  
  14  0:56  Probe  
  15  1:08  Probe (Chrono Boost)  
  16  1:17  Probe (Chrono Boost)  
  17  1:25  Probe (Chrono Boost)  
  18  1:32  Cybernetics Core  
  18  1:36  Assimilator  
  18  1:37  Probe (Chrono Boost)  
  19  1:44  Pylon  
  19  1:46  Probe (Chrono Boost)  
  20  1:52  Pylon  
  20  1:54  Probe  
  21  2:06  Probe  
  22  2:13  Stargate  
  22  2:18  Probe (Chrono Boost), Warp Gate  
  23  2:29  Probe (Chrono Boost)  
  24  2:35  Probe (Chrono Boost)  
  25  2:47  Nexus  
  25  2:51  Probe  
  26  3:00  Oracle (Chrono Boost)  
  29  3:05  Pylon  
  29  3:10  Probe (Chrono Boost)  
  30  3:22  Mothership Core (Chrono Boost)  
  30  3:24  Adept (Chrono Boost)  
  34  3:37  Probe  
  34  3:49  Probe  
  35  3:59  Probe, Assimilator  
  35  4:01  Probe  
  37  4:04  Fleet Beacon  
  37  4:11  Probe (Chrono Boost)  
  37  4:15  Probe (Chrono Boost), Protoss Air Weapons Level 1  
  39  4:22  Probe (Chrono Boost)  
  41  4:25  Probe (Chrono Boost)  
  41  4:26  Carrier (Chrono Boost)  
  41  4:30  Probe (Chrono Boost)  
  42  4:31  Probe (Chrono Boost)  
  40  4:40  Probe (Chrono Boost)  
  40  4:44  Probe (Chrono Boost)  
  42  4:52  Probe (Chrono Boost)  
  49  4:54  Assimilator  
  50  5:00  Probe (Chrono Boost)  
  50  5:01  Probe (Chrono Boost)  
  52  5:09  Probe (Chrono Boost)  
  52  5:10  Probe (Chrono Boost)  
  53  5:20  Graviton Catapult, Probe (Chrono Boost)  
  55  5:22  Pylon  
  55  5:23  Probe (Chrono Boost)  
  55  5:24  Carrier (Chrono Boost)  
  55  5:26  Probe (Chrono Boost)  
  56  5:31  Probe  
  57  5:39  Gateway  
  57  5:41  Pylon  
  63  5:44  Gateway  
  63  5:51  Gateway  
  63  6:01  Probe  
  63  6:03  Gateway  
  64  6:04  Probe  
  64  6:08  Forge  
  65  6:12  Stargate  
  65  6:14  Carrier (Chrono Boost)  
  65  6:26  Probe  
  66  6:37  Probe  
  72  6:52  Adept x2  
  76  7:00  Pylon  
  76  7:02  Pylon  
  76  7:09  Twilight Council  
  76  7:18  Probe  
  71  7:38  Adept x4  
Show
View Real Time Build Order
Export as new Build Order

ComeDeep Zerg - Winner!

Build Orders: Pool First 

Get SALT Encoding   

  12  0:01  Drone  
  13  0:10  Drone  
  14  0:18  Overlord  
  14  0:36  Drone x3  
  17  0:47  Spawning Pool  
  17  0:49  Drone  
  17  0:58  Drone  
  18  1:13  Drone  
  19  1:21  Hatchery, Drone  
  19  1:30  Drone  
  20  1:33  Queen  
  22  1:42  Zergling x2, Extractor  
  22  1:52  Overlord  
  22  2:11  Queen  
  24  2:16  Drone x2  
  26  2:28  Overlord  
  26  2:34  Queen  
  26  2:35  Overlord  
  28  2:42  Roach Warren, Drone x2, Extractor  
  28  2:44  Drone  
  28  2:45  Drone  
  28  2:51  Metabolic Boost  
  31  2:58  Drone x2  
  31  3:02  Drone  
  33  3:07  Drone  
  34  3:24  Lair  
  34  3:26  Drone x2  
  34  3:27  Drone x3  
  39  3:43  Drone  
  39  3:44  Drone x4  
  39  3:45  Drone x2  
  45  3:55  Extractor  
  45  3:56  Extractor  
  43  4:10  Hatchery, Spore Crawler x2  
  43  4:12  Spore Crawler  
  43  4:14  Spore Crawler, Zergling x4  
  40  4:23  Glial Reconstitution  
  40  4:25  Drone x2  
  40  4:28  Drone x3  
  45  4:45  Drone x3  
  48  4:46  Overlord x3  
  48  4:57  Infestation Pit  
  47  5:03  Hydralisk Den  
  45  5:08  Drone x2  
  45  5:09  Drone x2  
  45  5:10  Drone x2  
  51  5:19  Lurker Den  
  51  5:42  Queen  
  53  5:45  Overlord x2  
  53  5:49  Roach x2, Zergling x6  
  65  5:50  Roach x3, Zergling x4  
  68  5:58  Queen  
  68  5:59  Overlord  
  68  6:00  Overlord x2  
  70  6:08  Drone x5  
  75  6:12  Ravager x2  
  75  6:14  Ravager  
  75  6:15  Ravager x2  
  80  6:25  Zergling x2  
  80  6:26  Roach x3, Zergling x8  
  91  6:41  Extractor  
  91  6:42  Drone, Extractor  
  91  6:43  Drone x5  
  94  6:50  Hydralisk x4  
  100  6:54  Spore Crawler  
  100  6:56  Spore Crawler  
Tags
 
Add a new tag
Caveats
  • Supply blocks, unpowered buildings, or Contaminate may cause inaccurate times.
  • Supply counts are checked every 10 seconds.